 Dungeon Crawl Stone Soup version 0.31-a0-986-g5e6e4ef867 (webtiles) character file.

Game seed: 8844927956012667398

70 Crabhammer the Insei (level 4, -2/28 HPs)
             Began as an Octopode Shapeshifter on Nov 23, 2023.
             Slain by an ice beast (14 damage)
             ... on level 3 of the Dungeon.
             The game lasted 00:04:41 (1790 turns).

Crabhammer the Insei (Octopode Shapeshifter)        Turns: 1790, Time: 00:04:42

Health: -2/28      AC:  1    Str: 13    XL:     4   Next: 22%
Magic:  4/4        EV: 13    Int: 12    God:
Gold:   135        SH:  0    Dex: 13    Spells: 3/3 levels left

rFire   . .          .
                       - Unarmed
rCold   . . .        (no shield)
rNeg    . . .        (helmet currently unavailable)
rPois   .            (no amulet)
rElec   .            (no ring)
rCorr   .            (no ring)
SInv    .            (no ring)
Will    .....        (no ring)
Stlth   ++           (no ring)
HPRegen 0.24/turn    (no ring)
MPRegen 0.09/turn    (no ring)
                     (no ring)

%: no passive effects
@: beast-form
A: beast (slay +1), almost no armour, amphibious, 8 rings, camouflage 1,
gelatinous body 1, (nimble swimmer 1), tentacles
a: Begin Untransformation


You were on level 3 of the Dungeon.
You were a hulking beast.
You visited 1 branch of the dungeon, and saw 3 of its levels.

You collected 135 gold pieces.

Inventory:

Missiles
 i - 9 poisoned darts
Talismans
 b - a beast talisman
 c - a flux talisman
Scrolls
 e - a scroll of noise {unknown}
 k - a scroll of summoning {unknown}
 l - a scroll of brand weapon {unknown}
 m - a scroll of poison {unknown}
 n - a scroll of amnesia {unknown}
Potions
 a - a potion of lignification
 d - a potion of enlightenment {unknown}
 f - 2 potions of resistance {unknown}
 g - a potion of magic {unknown}
 h - 3 potions of curing {unknown}
 j - a potion of berserk rage {unknown}


   Skills:
 - Level 1.0 Fighting
 - Level 2.0 Dodging
 + Level 4.9 Unarmed Combat
 - Level 3.0 Shapeshifting


You had 3 spell levels left.
You didn't know any spells.
Your spell library contained the following spells:

 Spells                   Type           Power      Damage    Failure   Level
 Apportation              Tloc           0%         N/A       32%         1
 Magic Dart               Conj           0%         1d3       32%         1
 Necrotise                Necr           0%         1d4       32%         1
 Summon Small Mammal      Summ           0%         N/A       32%         1
 Call Imp                 Summ           0%         N/A       45%         2
 Mephitic Cloud           Conj/Pois/Air  0%         N/A       69%         3


Dungeon Overview and Level Annotations

Branches:
Dungeon (3/15)

Altars:
Zin

Shops:
D:2 (


Innate Abilities, Weirdness & Mutations

You are a hulking beast.
Your limbs bulge with bestial killing power. (Slay +1)
You cannot wear most types of armour.
You are amphibious.
You can wear up to eight rings at the same time.
Your skin changes colour to match your surroundings (Stealth+).
Your rubbery body absorbs attacks. (AC +1, EV +1)
((You are camouflaged when in or above water. (Stealth+)))
You have tentacles for arms and can constrict up to eight enemies at once.


Message History

You see here a +0 leather armour.
Found a robe.
A kobold comes into view.
It is wielding a +0 dagger and quivering poisoned darts.
A kobold is nearby!
You tentacle-slap the kobold.
You kill the kobold!
No target in view!
i - 9 poisoned darts (gained 6)
Things that are here:
a +0 dagger; a kobold corpse
Found an escape hatch in the ceiling.
You now have 135 gold pieces (gained 14).
There is an escape hatch in the ceiling here.
There is an escape hatch in the ceiling here.
Found 6 stones.
An ice beast comes into view.
There is an escape hatch in the floor here.
A hobgoblin comes into view.
A giant cockroach comes into view.
The helpless hobgoblin fails to defend itself.
You tentacle-slap the hobgoblin.
You kill the hobgoblin!
You see here a hobgoblin corpse.
The helpless giant cockroach fails to defend itself.
You tentacle-slap the giant cockroach. You grab the giant cockroach.
You squeeze the giant cockroach.
You kill the giant cockroach!
You see here a giant cockroach corpse.
Found a whip.
The ice beast attacks as it pursues you!
The ice beast barely misses you.
You tentacle-slap the ice beast.
The ice beast is lightly wounded.
The ice beast hits you. The ice beast freezes you!
You tentacle-slap the ice beast.
You squeeze the ice beast, but do no damage.
The ice beast is lightly wounded.
The ice beast hits you. The ice beast freezes you!
Ouch! That really hurt!
You die...

######## #......# ##
#.####.# ..
#.####.#####.####
#.##.....hY.....#.########
#.##.#.####..............#
#†......# )....#(######.#
#..†....# ..##.# #.#
#.##.##.# ... .. #.#
#.##.# .# #### # ####.#
#.##.# .# #### #.....
#.##.##.# #..>....# #.##.#
#.......# #.......###.##.#


You could see an ice beast.

Vanquished Creatures
  2 worms
  4 dart slugs
  5 ball pythons
  2 endoplasms (D:1)
  3 giant cockroaches
  6 goblins
  4 hobgoblins
  3 jackals (D:1)
  7 kobolds
  A quokka (D:1)
  2 bats
  14 frilled lizards
  4 rats
57 creatures vanquished.

Notes
Turn   | Place    | Note
-------+----------+-------------------------------------------
     0 | D:1      | Crabhammer the Octopode Shapeshifter began the quest for
                  | the Orb.
     0 | D:1      | Reached XP level 1. HP: 13/13 MP: 1/1
    38 | D:1      | Reached XP level 2. HP: 18/18 MP: 2/2
   170 | D:1      | Reached skill level 4 in Unarmed Combat
   201 | D:1      | Reached XP level 3. HP: 17/23 MP: 3/3
   817 | D:2      | Found Luwen's Antique Weapon Shoppe.
   927 | D:2      | Found a glowing silver altar of Zin.
  1494 | D:3      | Reached XP level 4. HP: 28/28 MP: 4/4
  1714 | D:3      | Noticed an ice beast
  1790 | D:3      | Slain by an ice beast

Illustrated notes

Levels and vault maps discovered:
D:1:      scummos_arrival_hexagon, layout_loops_ring, minmay_misc_feat_enclosed
D:2:      layout_loops_ring, basic_altar, serial_shops,
          nicolae_shop_tiny_waterfront
D:3:      layout_loops_cross, serial_shops, shop, serial_bayou_crossing

Skill      XL: |  1  2 |
---------------+-------+-----
Unarmed Combat | 4 |  4.9
Fighting       | |  1.0
Dodging        | |  2.0
Shapeshifting  | |  3.0

Action                     |  1- 3 |  4- 6 || total
---------------------------+-------+-------++-------
  Melee: Unarmed           |    75 |    18 ||    93
         Constrict         |    24 |     5 ||    29
         Tentacles         |    18 |     5 ||    23
   Stab: Sleeping          |     6 |     4 ||    10
 Armour: Skin              |    23 |     6 ||    29
  Dodge: Dodged            |    46 |     7 ||    53

Table legend: (Time is in decaauts)
 A = Elapsed time spent in this place.
 B = Non-inter-level travel time spent in this place.
 C = Inter-level travel time spent in this place.
 D = Time resting spent in this place.
 E = Time spent auto-exploring this place.
 F = Levels seen in this place.
 G = Mean time per level.
                   A        B        C        D        E       F      G
               +--------+--------+--------+--------+--------+-----+--------+
         Total |   1784 |   1597 |    187 |    106 |    962 |   3 |  594.7 |
       Dungeon |   1784 |   1597 |    187 |    106 |    962 |   3 |  594.7 |
               +--------+--------+--------+--------+--------+-----+--------+

Top non-repeatable levels by time:
     D:1: 777 daAuts
     D:2: 698 daAuts
     D:3: 308 daAuts
